AoeStats
← 海峡

Arabia

508584263Analyzed
1v1 RM · 10d ago on Sep 23, 2026· 63m 12s· 2 players
Game mode
Random Map
Map size
Tiny (2 player)
Population
200
Speed
Normal
Resources
Standard
Victory
Conquest
Starting age
Dark Age
Ending age
Imperial Age
RankedLock teamsTeams togetherTeam positionsShared explorationLock speedFull tech treeHidden civsTurbo modeCheats
Victory
Defeat
🇨🇳 Danes · China
1633
+18
🇻🇳 Romans · Vietnam
1675
-18
海峡
5:05 Loom
9:14 Feudal Age
9:22 Man-at-Arms
11:43 Double-Bit Axe
15:12 Fletching
20:20 Scale Mail Armor
22:37 Castle Age
20:26 Horse Collar
20:43 Gold Mining
22:27 Forging
22:57 Arson
23:44 Chain Mail Armor
24:14 Gold Shaft Mining
23:50 Bow Saw
24:26 Squires
25:12 Wheelbarrow
38:30 Iron Casting
40:31 Heavy Plow
41:29 Hand Cart
42:48 Town Watch
53:01 Imperial Age
50:21 Hamask
54:53 Plate Mail Armor
53:48 Elite Jomsviking
55:05 Plate Mail Armor
56:16 Blast Furnace
55:55 Conscription
55:38 Stone Mining
57:55 Elite Varangian Guard
60:06 Town Patrol
61:06 Capped Ram
62:19 Siege Ram
QuangKhai
6:00 Loom
9:06 Feudal Age
14:27 Fletching
16:42 Padded Archer Armor
16:42 Double-Bit Axe
22:52 Castle Age
22:07 Scale Barding Armor
22:01 Gold Mining
21:58 Horse Collar
23:34 Bodkin Arrow
23:00 Crossbowman
24:49 Bow Saw
26:36 Wheelbarrow
26:46 Town Watch
35:52 Forging
37:07 Gold Shaft Mining
37:15 Bloodlines
41:56 Ballistics
41:37 Murder Holes
44:09 Heavy Plow
46:00 Fervor
46:39 Husbandry
52:24 Squires
55:04 Imperial Age
52:39 Scale Mail Armor
55:43 Hand Cart
57:17 Chemistry
56:38 Chain Mail Armor
55:47 Man-at-Arms
56:57 Conscription
56:43 Town Patrol
57:12 Ballistas
57:20 Heavy Scorpion
57:43 Long Swordsman
59:07 Masonry
59:26 Chain Barding Armor
59:58 Light Cavalry
Connection lost

Rejoining the realm…

Still unreachable

The connection could not be restored.

Session expired

The server has moved on; the page needs a fresh start.